 Dungeon Crawl Stone Soup version 0.23.1-37-gaa34b87 (webtiles) character file.

Game seed: 2084483906459280881

406 vishdafish the Shield-Bearer (level 6, -11/42 HPs)
             Began as an Octopode Fighter on Mar 22, 2019.
             Mangled by Duvessa
             ... wielding a +0 short sword
              (17 damage)
             ... on level 4 of the Dungeon.
             The game lasted 00:04:09 (3894 turns).

vishdafish the Shield-Bearer (Octopode Fighter)     Turns: 3894, Time: 00:04:13

Health: -11/42     AC:  1    Str: 22    XL:     6   Next: 87%
Magic:  6/6        EV: 12    Int: 11    God:
Gold:   215        SH: 10    Dex: 11    Spells: 5/5 levels left

rFire    . . .     SeeInvis .     - Unarmed
rCold    . . .     Gourm    .   a - +0 shield
rNeg     . . .     Faith    .   (helmet restricted)
rPois    .         Spirit   .   (no amulet)
rElec    .         Reflect  .   o - ring of attention (curse)
rCorr    .         Harm     .   (no ring)
MR       .....                  (no ring)
Stlth    +.........             (no ring)
HPRegen  0.14/turn              (no ring)
MPRegen  0.10/turn              (no ring)
                                (no ring)
                                (no ring)

@: mighty
A: almost no armour, stealthy swim, amphibious, 8 rings, constrict 8, camouflage
1, gelatinous body 1
a: no special abilities


You were on level 4 of the Dungeon.
You were not hungry.

You visited 1 branch of the dungeon, and saw 4 of its levels.

You collected 215 gold pieces.

Inventory:

Missiles
 q - 5 tomahawks of returning (quivered)
Armour
 a - a +0 shield (worn)
Jewellery
 o - a cursed ring of attention (left tentacle)
Wands
 f - a wand of polymorph (10)
Scrolls
 d - a scroll of fog
 e - a scroll of enchant weapon
 g - a scroll of magic mapping
 i - a scroll of fear
 l - 2 scrolls of amnesia {unknown}
 n - 4 scrolls of teleportation {unknown}
 r - a scroll of blinking {unknown}
 s - a scroll of random uselessness {unknown}
Potions
 h - a potion of curing {unknown}
 j - 2 potions of lignification {unknown}
 k - a potion of ambrosia {unknown}
 m - a potion of berserk rage {unknown}
 p - a potion of degeneration
 t - a potion of brilliance {unknown}
Comestibles
 c - 4 rations


   Skills:
 - Level 3.0 Fighting
 - Level 3.0 Dodging
 + Level 5.7 Shields
 + Level 5.1 Unarmed Combat


You had 5 spell levels left.
You didn't know any spells.
Your spell library was empty.

Dungeon Overview and Level Annotations

Branches:
Dungeon (4/15)
 Temple: D:4-7

Altars:
Fedhas
Sif Muna

Annotations:
D:4 Duvessa


Innate Abilities, Weirdness & Mutations

You cannot wear most types of armour.
You are very stealthy in the water. (Stealth+)
You are amphibious.
You can wear up to eight rings at the same time.
You can use your tentacles to constrict eight enemies at once.
Your skin changes colour to match your surroundings (Stealth+).
Your rubbery body absorbs attacks. (AC +1, EV +1)


Message History

Duvessa goes berserk!
Duvessa is nearby!
Evoke which item? (* to show all) (? for menu, Esc to quit)
Okay, then.
You feel very mighty all of a sudden. You block Duvessa's attack.
You completely miss Duvessa. You grab Duvessa.
You constrict Duvessa, but do no damage.
Duvessa hits you with a +0 short sword!!
You bludgeon Duvessa! You squeeze Duvessa!!
Duvessa is severely wounded.
You constrict Duvessa, but do no damage.
You block Duvessa's attack.
You bludgeon Duvessa! You squeeze Duvessa.
Duvessa is almost dead.
You constrict Duvessa, but do no damage.
Duvessa hits you with a +0 short sword!
* * * LOW HITPOINT WARNING * * *
Duvessa hits you with a +0 short sword!
You die...

...####..............
...'...(+...........
...######...........
...####........####
...+...........####...
...###.........'...... ...#
#.........######
######.........#######.##.#
.....(..)......'@e.......>#
.###.##()......##.####.....
.# #..(.)......##.# e.. .#
#.##........##.# . .#
#.##........##.#
.###.########..##.# .....#
##.##.# '##### #..#..
.....# #.#


You could see Duvessa (berserk).

Vanquished Creatures
  Dowan (D:4)
  A howler monkey (D:4)
  An orc priest (D:4)
  An orc wizard (D:3)
  A worker ant (D:4)
  10 adders
  2 oozes
  4 worms (D:2)
  2 dart slugs
  3 leopard geckos
  17 orcs
  15 bats
  7 giant cockroaches
  7 goblins
  9 hobgoblins
  3 jackals (D:4)
  7 kobolds
  A quokka (D:1)
  2 ball pythons
  5 frilled lizards
  9 rats
108 creatures vanquished.

Notes
Turn   | Place    | Note
-------+----------+-------------------------------------------
     0 | D:1      | vishdafish the Octopode Fighter began the quest for the
                  | Orb.
     0 | D:1      | Reached XP level 1. HP: 16/16 MP: 1/1
   148 | D:1      | Reached XP level 2. HP: 17/21 MP: 2/2
   608 | D:1      | Reached XP level 3. HP: 25/26 MP: 3/3
  1115 | D:2      | Reached XP level 4. HP: 20/31 MP: 4/4
  1164 | D:2      | Found a blossoming altar of Fedhas.
  2022 | D:3      | Reached XP level 5. HP: 35/36 MP: 5/5
  3171 | D:3      | Reached skill level 5 in Shields
  3171 | D:3      | Reached XP level 6. HP: 11/42 MP: 6/6
  3459 | D:4      | Noticed Dowan
  3473 | D:4      | Killed Dowan
  3620 | D:4      | Reached skill level 5 in Unarmed Combat
  3860 | D:4      | Found a deep blue altar of Sif Muna.
  3886 | D:4      | Noticed Duvessa
  3894 | D:4      | Mangled by Duvessa

Skill      XL: |  1  2  3  4  5  6 |
---------------+-------------------+-----
Unarmed Combat | 3 4 5 |  5.1
Shields        | 4 5 |  5.7
Fighting       | |  3.0
Dodging        | |  3.0

Action                   |  1- 3 |  4- 6 || total
-------------------------+-------+-------++-------
Melee: Unarmed           |    70 |   193 ||   263
       Constrict         |    16 |    51 ||    67
       Tentacles         |    10 |    42 ||    52
       Punch             |     2 |     6 ||     8
  Use: Scroll            |       |     6 ||     6
       Potion            |       |     1 ||     1
 Stab: Sleeping          |     8 |     2 ||    10
  Eat: Chunk             |       |     6 ||     6
       Ration            |       |     1 ||     1
Armor: Skin              |     3 |    14 ||    17
Dodge: Dodged            |    25 |    81 ||   106
Block: Shield            |    15 |    96 ||   111
